 Dungeon Crawl Stone Soup version 0.26-a0-1181-gd376ed14c5 (webtiles) character file.

Game seed: 7242912021236279160

65 uibert the Grave Robber (level 3, -2/24 HPs)
             Began as a Demonspawn Necromancer on Dec 25, 2020.
             Slain by an orc priest (3 damage)
             ... on level 3 of the Dungeon.
             The game lasted 00:06:33 (3442 turns).

uibert the Grave Robber (Demonspawn Necromancer)    Turns: 3442, Time: 00:06:34

Health: -2/24      AC:  6    Str:  9    XL:     3   Next: 92%
Magic:  15/15      EV:  6    Int: 16    God:
Gold:   102        SH:  0    Dex: 13    Spells: 2/6 levels left

rFire    . . .     SeeInvis .   k - +2 dagger (venom)
rCold    . . .     Faith    .   (no shield)
rNeg     . . .     Spirit   .   h - +0 ring mail
rPois    .         Reflect  .   (helmet restricted)
rElec    .         Harm     .   (no cloak)
rCorr    .         Rampage  .   s - +0 pair of gloves
Will     .....                  (no boots)
Stlth    +.........             (no amulet)
HPRegen  0.08/turn              j - -4 ring of evasion (curse)
MPRegen  0.14/turn              m - ring of magical power

@: no status effects
A: antennae 1, talons 1
a: no special abilities


You were on level 3 of the Dungeon.
You visited 1 branch of the dungeon, and saw 3 of its levels.

You collected 102 gold pieces.

Inventory:

Hand Weapons
 g - a +0 club
 k - a +2 dagger of venom (weapon)
Missiles
 b - 154 stones (quivered)
Armour
 a - a +0 robe
 h - a +0 ring mail (worn)
 s - a +0 pair of gloves (worn)
Jewellery
 j - a cursed -4 ring of evasion (left hand)
 m - a ring of magical power (right hand)
 o - an uncursed ring of resist corrosion
 r - an uncursed ring of magical power
Scrolls
 d - a scroll of fear
 e - a scroll of teleportation
 n - 3 scrolls of identify
 q - 2 scrolls of immolation {unknown}
Potions
 c - 2 potions of mutation {unknown}
 f - 5 potions of heal wounds {unknown}
 i - 2 potions of resistance {unknown}
 l - 2 potions of cancellation {unknown}
 p - a potion of magic {unknown}


   Skills:
 - Level 1.7 Dodging
 - Level 1.7 Stealth
 - Level 2.0 Spellcasting
 + Level 6.1 Necromancy


You had 2 spell levels left.
You knew the following spells:

 Your Spells              Type           Power        Failure   Level
a - Pain                  Necr           84%          4%          1
b - Vampiric Draining     Necr           10%          14%         3

Your spell library contained the following spells:

 Spells                   Type           Power        Failure   Level
 Animate Skeleton         Necr           42%          4%          1
 Animate Dead             Necr           10%          43%         4
 Agony                    Necr           21%          78%         5


Dungeon Overview and Level Annotations

Branches:
Dungeon (3/15)

Altars:


Innate Abilities, Weirdness & Mutations

You have a pair of small antennae on your head.
You have sharp toenails.


Message History

You kill the orc!
You hit the orc.
The orc is poisoned.
The orc is heavily wounded.
The orc hits you but does no damage.
You hit the orc.
You kill the orc!
You barely miss the orc. Your kick misses the orc. The orc closely misses you.
You closely miss the orc priest.
The orc priest mumbles some strange prayers to Beogh against you.
Pain shoots through your body! The orc hits you with a +0 dagger.
You hit the orc priest.
The orc priest is poisoned.
The orc priest is lightly wounded.
The orc priest calls down the wrath of Beogh upon you.
Beogh smites you!
Ouch! That really hurt!
* * * LOW HITPOINT WARNING * * *
The orc hits you with a +0 dagger.
* * * LOW HITPOINT WARNING * * *
The orc priest hits you.
You die...

###########
#.........#
#........(#
#.........#
######.........#
##o#.#..........+
#@#.#{#.........#.
#.o#.#o.o.oo.....#
#.#.#.#.#+#.#+#.#.
#..#.#.#.#.#>#
#.#.#.#.#.# #.#
#..#.#.#.#.# #.#
#.#.#.#.#.#.# #.#
#..#.#.#.#.#.# #.#
#.#.#.#.#.#.#. #.


You could see an orc priest (very poisoned) and an orc.

Vanquished Creatures
  2 adders (D:2)
  A worm (D:2)
  A dart slug (D:2)
  2 leopard geckos
  2 orcs (D:3)
  A giant cockroach (D:2)
  6 goblins
  6 hobgoblins
  2 quokkas (D:2)
  4 bats
  3 frilled lizards
  5 kobolds
  2 rats
37 creatures vanquished.

Vanquished Creatures (others)
  4 plants (D:2)
4 creatures vanquished.

Grand Total: 41 creatures vanquished

Notes
Turn   | Place    | Note
-------+----------+-------------------------------------------
     0 | D:1      | uibert the Demonspawn Necromancer began the quest for the
                  | Orb.
     0 | D:1      | Reached XP level 1. HP: 13/13 MP: 3/3
   506 | D:1      | Gained mutation: You have a pair of small antennae on your
                  | head. [demonic ancestry]
   506 | D:1      | Reached XP level 2. HP: 17/19 MP: 3/5
   700 | D:1      | Reached skill level 5 in Necromancy
  2322 | D:2      | Gained mutation: You have sharp toenails. [demonic
                  | ancestry]
  2322 | D:2      | Reached XP level 3. HP: 17/24 MP: 6/6
  2649 | D:2      | Reached skill level 6 in Necromancy
  2653 | D:2      | Learned a level 3 spell: Vampiric Draining
  3441 | D:3      | HP: 1/24 [orc/+0 dagger (1)]
  3442 | D:3      | Slain by an orc priest

Illustrated notes

Levels and vault maps discovered:
D:1:      dpeg_arrival_morbid_curiosity, layout_basic, grunt_decor_resistance,
          hangedman_decor_push, chequers_arboretum, roderic_lattice_a,
          minmay_misc_feat_secret_circle
D:2:      cheibrodos_helix_gallery, layout_basic, serial_forest,
          infiniplex_forest_pool, infiniplex_forest_straight_5,
          infiniplex_forest_lined_room_3, infiniplex_forest_lined_room_2,
          infiniplex_forest_end_2, infiniplex_forest_clump_small,
          infiniplex_forest_clump_medium, infiniplex_forest_clump_medium,
          infiniplex_forest_split
D:3:      layout_basic, okawaru_ov_weapons_minmay, nicolae_underground_beach

Skill      XL: |  1  2  3 |
---------------+----------+-----
Necromancy     | 5 6 |  6.1
Dodging        | |  1.7
Stealth        | |  1.7
Spellcasting   | |  2.0

Action                   || total
-------------------------++-------
Melee: Unarmed           ||     4
       Club              ||    18
       Dagger            ||    53
       Kick              ||     4
Throw: Stone             ||    28
 Cast: Pain              ||    25
  Use: Scroll            ||     6
 Stab: Sleeping          ||     2
Armor: Robe              ||     3
       Ring mail         ||    18
Dodge: Dodged            ||    37

Table legend: (Time is in decaauts)
 A = Elapsed time spent in this place.
 B = Non-inter-level travel time spent in this place.
 C = Inter-level travel time spent in this place.
 D = Time resting spent in this place.
 E = Time spent auto-exploring this place.
 F = Levels seen in this place.
 G = Mean time per level.
                   A        B        C        D        E       F      G
               +--------+--------+--------+--------+--------+-----+--------+
         Total |   3449 |   3238 |    211 |    647 |   1993 |   3 | 1149.7 |
       Dungeon |   3449 |   3238 |    211 |    647 |   1993 |   3 | 1149.7 |
               +--------+--------+--------+--------+--------+-----+--------+

Top non-repeatable levels by time:
     D:1: 1943 daAuts
     D:2: 1465 daAuts
     D:3: 39 daAuts
